 Dungeon Crawl Stone Soup version 0.20.1-1-g8b1a95d (webtiles) character file.

255 Gatuga the Magician (level 5, -7/28 HPs)
             Began as a Deep Elf Earth Elementalist on July 16, 2017.
             Mangled by an ogre
             ... wielding a +0 giant spiked club
              (16 damage)
             ... on level 4 of the Dungeon.
             The game lasted 00:29:33 (3921 turns).

Gatuga the Magician (Deep Elf Earth Elementalist)   Turns: 3921, Time: 00:29:33

Health: -7/28      AC:  3    Str:  5    XL:     5   Next: 91%
Magic:  12/14      EV: 14    Int: 21    God:
Gold:   137        SH:  0    Dex: 15    Spells: 10/14 levels left

rFire    + . .     SeeInvis .   n - +0 spear
rCold    + . .     Gourm    .   (no shield)
rNeg     . . .     Faith    .   o - +0 robe {rC+ rF+}
rPois    .         Spirit   .   (no helmet)
rElec    .         Reflect  .   a - +0 cloak
rCorr    .         Harm     .   (no gloves)
MR       .....                  (no boots)
Stlth    ++........             (no amulet)
Regen    0.1/turn               k - ring of flight
MPRegen  0.2/turn               (no ring)

@: no status effects
A: no striking features
a: Evoke Flight


You were on level 4 of the Dungeon.
You were not hungry.

You visited 1 branch of the dungeon, and saw 4 of its levels.

You collected 137 gold pieces.

Inventory:

Hand Weapons
 n - a +0 spear (weapon)
Missiles
 b - 5 stones (quivered)
Armour
 a - a +0 cloak (worn)
 o - a +0 robe of resistance (worn)
Jewellery
 k - a ring of flight (left hand)
Wands
 g - a wand of digging (12/24)
Scrolls
 c - a scroll of recharging {unknown}
 f - 4 scrolls of remove curse
 h - 4 scrolls of fog {unknown}
Potions
 i - 2 potions of curing {unknown}
 l - 2 potions of heal wounds {unknown}
 p - a potion of agility {unknown}
 q - a potion of haste {unknown}
 s - a potion of brilliance {unknown}
Books
 e - a book of Geomancy

   Spells                             Type                      Level
   a - Sandblast                      Earth                        1
   b - Passwall                       Transmutation/Earth          2
   c - Stone Arrow                    Conjuration/Earth            3
   d - Petrify                        Transmutation/Earth          4
   e - Lee's Rapid Deconstruction     Earth                        5
Comestibles
 d - 7 bread rations
 j - a meat ration
 m - 2 royal jellies


   Skills:
 + Level 0.7 Fighting
 + Level 1.0 Polearms
 + Level 3.5 Dodging
 + Level 3.2 Stealth
 + Level 5.3 Spellcasting
   Level 1.1 Transmutations
 + Level 4.9 Earth Magic


You had 10 spell levels left.
You knew the following spells:

 Your Spells              Type           Power        Failure   Level  Hunger
a - Sandblast             Erth           ####..       1%          1    None
b - Stone Arrow           Conj/Erth      ###...       12%         3    ##.....


Dungeon Overview and Level Annotations

Branches:
Dungeon (4/15)
 Temple: D:4-7

Altars:
Qazlal


Message History

The ogre shouts!
b - 6 stones You hit the ogre.
The ogre is heavily wounded.
The ogre barely misses you.
You barely miss the ogre.
The ogre is heavily wounded.
The ogre hits you with a giant spiked club!!
Ouch! That really hurt!
Casting: Sandblast
Confirm with . or Enter, or press ? or * to list all spells.
Aiming: Sandblast
Press: ? - help, Shift-Dir - straight line, f/p - ogre
Aim: an ogre, wielding a giant spiked club (heavily wounded)
The blast of sand hits the ogre.
The ogre is almost dead.
b - 5 stones The ogre hits you with a giant spiked club!
Ouch! That really hurt!
You die...

...#.#..#..# #...#.## ##...#
##.###.#..####...##.###....##
#.##.....#.#..#..#.........#
#....8.8.....###....##.....#
####.....#.#..#..#.#####.......
###.#..####...##.# #.......
#.#..#..# #...#.## ##......)
##.#..### #.#.#. ......#
#.#.#..# #.#@#. ......#
###....# ..#O..# ...... ##...##
#..#..## #...#.# #....##
##....## .##..# #....#.# # #...
#...#### .##. #..#.# # . #.####


You could see an ogre.

Vanquished Creatures
  An ogre (D:4)
  Jessica (D:3)
  5 adders
  3 dart slugs
  3 leopard geckos
  3 orcs (D:3)
  A ball python (D:3)
  4 bats
  2 giant cockroaches
  9 goblins
  4 hobgoblins
  26 jackals
  7 frilled lizards
  7 kobolds
  9 rats
85 creatures vanquished.

Notes
Turn   | Place    | Note
-------+----------+-------------------------------------------
     0 | D:1      | Gatuga the Deep Elf Earth Elementalist began the quest for the Orb.
     0 | D:1      | Reached XP level 1. HP: 10/10 MP: 6/6
   183 | D:1      | Reached XP level 2. HP: 14/15 MP: 4/8
   997 | D:2      | Reached XP level 3. HP: 19/19 MP: 8/10
  1003 | D:2      | Learned a level 3 spell: Stone Arrow
  1059 | D:2      | Reached skill level 4 in Spellcasting
  1283 | D:2      | Reached XP level 4. HP: 21/24 MP: 4/12
  1769 | D:3      | Noticed Jessica
  1775 | D:3      | Killed Jessica
  1775 | D:3      | Reached skill level 5 in Spellcasting
  2337 | D:3      | Found a stormy altar of Qazlal.
  2346 | D:3      | Reached XP level 5. HP: 23/28 MP: 14/14
  3356 | D:4      | Noticed an ogre
  3411 | D:4      | Killed an ogre
  3677 | D:4      | Reached skill level 1 in Polearms
  3704 | D:4      | Noticed an ogre
  3921 | D:4      | Mangled by an ogre

Skill      XL: |  1  2  3  4  5 |
---------------+----------------+-----
Earth Magic    | 4 |  4.9
Spellcasting   | 4 5 |  5.3
Dodging        | 3 |  3.5
Stealth        | 3 |  3.2
Polearms       | 1 |  1.0
Fighting       | |  0.7
Transmutations | |  1.1

Action                   |  1- 3 |  4- 6 || total
-------------------------+-------+-------++-------
Melee: Unarmed           |     8 |       ||     8
       Spear             |       |   164 ||   164
 Cast: Sandblast         |    67 |    28 ||    95
  Use: Scroll            |     2 |       ||     2
 Stab: Sleeping          |       |     2 ||     2
  Eat: Chunk             |     1 |     8 ||     9
Armor: Robe              |     9 |    53 ||    62
Dodge: Dodged            |    30 |   166 ||   196
